 Dungeon Crawl Stone Soup version 0.28-a0-178-ga708605c5b (webtiles) character file.

Game seed: 10658182540122383932

169 frimble the Slasher (level 5, -1/45 HPs)
             Began as a Minotaur Warper on Aug 17, 2021.
             Slain by a gnoll (6 damage)
             ... on level 3 of the Dungeon.
             The game lasted 00:04:28 (3189 turns).

frimble the Slasher (Minotaur Warper)               Turns: 3189, Time: 00:04:29

Health: -1/45      AC:  4    Str: 16    XL:     5   Next: 25%
Magic:  6/6        EV: 12    Int: 10    God:
Gold:   140        SH:  0    Dex: 10    Spells: 3/6 levels left

rFire   . . .      SeeInvis .   b - +1 short sword (drain)
rCold   . . .      Faith    .   (no shield)
rNeg    . . .      Spirit   .   e - +0 leather armour
rPois   .          Reflect  .   (helmet restricted)
rElec   .          Harm     .   (no cloak)
rCorr   .          Rampage  .   (no gloves)
Will    .....                   j - +0 pair of boots {Fly}
Stlth   +.........              (no amulet)
HPRegen 0.15/turn               (no ring)
MPRegen 0.10/turn               (no ring)

@: flying
A: horns 2, retaliatory headbutt
a: no special abilities


You were on level 3 of the Dungeon.
You visited 1 branch of the dungeon, and saw 3 of its levels.

You collected 140 gold pieces.

Inventory:

Hand Weapons
 a - a +0 falchion
 b - a +1 short sword of draining (weapon)
Missiles
 d - a boomerang of dispersal (quivered)
 r - a throwing net
Armour
 e - a +0 leather armour (worn)
 j - a +0 pair of boots of flying (worn)
Wands
 p - a wand of mindburst (10)
Scrolls
 c - a scroll of blinking
 h - a scroll of identify {unknown}
 i - a scroll of teleportation {unknown}
 l - a scroll of vulnerability {unknown}
 m - a scroll of fog {unknown}
 q - a scroll of noise {unknown}
Potions
 f - a potion of flight {unknown}
 g - a potion of resistance {unknown}
 k - a potion of heal wounds {unknown}
 n - 2 potions of curing
 o - a potion of magic {unknown}


   Skills:
 + Level 3.6 Fighting
 + Level 1.7(2.8) Short Blades
 + Level 3.7(4.0) Long Blades
 - Level 1.0 Throwing
 - Level 1.2 Armour
 + Level 3.4 Dodging
 - Level 1.3 Spellcasting
 + Level 2.8 Translocations


You had 3 spell levels left.
You knew the following spells:

 Your Spells              Type           Power      Damage    Failure   Level
a - Blink                 Tloc           N/A        N/A       19%         2
b - Apportation           Tloc           12%        N/A       13%         1

Your spell library contained the following spells:

 Spells                   Type           Power      Damage    Failure   Level
 Gell's Gravitas          Tloc           3%         N/A       36%         3
 Lesser Beckoning         Tloc           3%         N/A       36%         3
 Teleport Other           Tloc           6%         N/A       36%         3
 Ensorcelled Hibernation  Hex/Ice        0%         N/A       52%         2
 Spider Form              Tmut/Pois      0%         N/A       77%         3
 Manifold Assault         Tloc           6%         N/A       98%         5
 Alistair's Intoxication  Tmut/Pois      0%         N/A       100%        5
 Invisibility             Hex            0%         N/A       100%        6
 Shadow Creatures         Summ           N/A        N/A       100%        6


Dungeon Overview and Level Annotations

Branches:
Dungeon (3/15)

Altars:
Trog


Innate Abilities, Weirdness & Mutations

You have a pair of horns on your head.
You reflexively headbutt those who attack you in melee.


Message History

The gnoll hits you with a +0 spear.
You hit the gnoll.
You kill the gnoll!
You completely miss the gnoll. The gnoll closely misses you.
You barely miss the gnoll. Your headbutt misses the gnoll.
The gnoll barely misses you.
You hit the gnoll but do no damage. You drain the gnoll.
The gnoll is moderately wounded.
The gnoll closely misses you.
You hit the gnoll but do no damage.
The gnoll is moderately wounded.
The gnoll hits you with a +0 whip!
* * * LOW HITPOINT WARNING * * *
You barely miss the gnoll. Your headbutt misses the gnoll.
The gnoll is moderately wounded.
The gnoll hits you with a +0 whip.
* * * LOW HITPOINT WARNING * * *
You hit the gnoll but do no damage. Your headbutt misses the gnoll.
The gnoll is moderately wounded.
The gnoll hits you with a +0 whip.
* * * LOW HITPOINT WARNING * * *
Okay, then.
Unknown command.
Aiming: Mindburst
Press: ? - help, Shift-Dir - straight line, f - gnoll
Aim: a gnoll, wielding a +0 whip (moderately wounded, heavily drained, chance to affect: 76%)
The gnoll barely resists.
The gnoll barely misses you.
You hit the gnoll. You drain the gnoll.
The gnoll is severely wounded.
Okay, then.
Unknown command.
It was a potion of curing.
You feel better. The gnoll hits you with a +0 whip.
* * * LOW HITPOINT WARNING * * *
You closely miss the gnoll.
The gnoll is severely wounded.
The gnoll misses you. You furiously retaliate!
You headbutt the gnoll. You hit the gnoll but do no damage.
The gnoll is almost dead.
The gnoll hits you with a +0 whip.
You die...

#.# #.# # #.# ..
#.# #. #.# gg #.#
#. #.#
#.##.###########.#
#..>...>...))Bg@.#
####.#############
#.# #.# #.# #.#
#.# #.# #.#


You could see a gnoll (drained) and a giant cockroach.

Vanquished Creatures
  An iguana (D:3)
  3 gnolls (D:3)
  2 adders
  2 worms (D:2)
  A dart slug (D:2)
  An orc (D:3)
  8 bats
  4 endoplasms
  4 giant cockroaches
  9 goblins
  10 hobgoblins
  13 jackals
  4 kobolds
  7 quokkas
  3 ball pythons (D:3)
  7 rats
79 creatures vanquished.

Notes
Turn   | Place    | Note
-------+----------+-------------------------------------------
     0 | D:1      | frimble the Minotaur Warper began the quest for the Orb.
     0 | D:1      | Reached XP level 1. HP: 18/18 MP: 1/1
   199 | D:1      | Reached XP level 2. HP: 8/25 MP: 3/3
   429 | D:1      | Learned a level 2 spell: Blink
   431 | D:1      | Learned a level 1 spell: Apportation
   715 | D:1      | Reached XP level 3. HP: 25/30 MP: 4/4
  1998 | D:2      | Reached XP level 4. HP: 36/38 MP: 5/5
  2423 | D:3      | Reached skill level 1 in Short Blades
  3032 | D:3      | Found a bloodstained altar of Trog.
  3084 | D:3      | Found a faded altar of an unknown god.
  3107 | D:3      | Reached XP level 5. HP: 45/45 MP: 6/6
  3189 | D:3      | Slain by a gnoll

Illustrated notes

Levels and vault maps discovered:
D:1:      lemuel_arrival_tunnels, layout_loops_ring
D:2:      layout_basic
D:3:      layout_loops_corners, trog_hazing_becter,
          hellmonk_ecumenical_altar_dog_temple, minmay_bisected

Skill      XL: |  1  2  3  4 |
---------------+-------------+-----
Long Blades    | 3 |  3.7
Fighting       | 3 |  3.6
Dodging        | 3 |  3.4
Short Blades   | 1 |  1.7
Throwing       | |  1.0
Armour         | |  1.2
Spellcasting   | |  1.3
Translocations | |  2.8

Action                   |  1- 3 |  4- 6 || total
-------------------------+-------+-------++-------
Melee: Falchion          |    20 |       ||    20
       Headbutt          |    13 |    11 ||    24
       Short sword       |    78 |    77 ||   155
Throw: Boomerang         |     4 |       ||     4
Evoke: Wand              |       |     1 ||     1
  Use: Potion            |       |     1 ||     1
Armor: Leather armour    |    23 |    21 ||    44
Dodge: Dodged            |    62 |    49 ||   111
       Rpst.: Falchion   |     5 |       ||     5

Table legend: (Time is in decaauts)
 A = Elapsed time spent in this place.
 B = Non-inter-level travel time spent in this place.
 C = Inter-level travel time spent in this place.
 D = Time resting spent in this place.
 E = Time spent auto-exploring this place.
 F = Levels seen in this place.
 G = Mean time per level.
                   A        B        C        D        E       F      G
               +--------+--------+--------+--------+--------+-----+--------+
         Total |   3192 |   3129 |     63 |      0 |   2663 |   3 | 1064.0 |
       Dungeon |   3192 |   3129 |     63 |      0 |   2663 |   3 | 1064.0 |
               +--------+--------+--------+--------+--------+-----+--------+

Top non-repeatable levels by time:
     D:1: 1213 daAuts
     D:2: 1161 daAuts
     D:3: 817 daAuts
